Map: Neon Violet Square LE

Players

SamuraiFunn - Winner!

  • Race: Protoss Protoss
  • Spawn Location: 5:00

A.I. 1 (Elite)

  • Race: Zerg Zerg
  • Spawn Location: 11:00

VOD

Have the link to the VOD?

Description

Time

  • Played on: Nov. 24, 2017, 3:53 p.m.
  • Length: 4:22
Show
View Real Time Build Order
Export as new Build Order

SamuraiFunn Protoss - Winner!

Build Orders:  

Get SALT Encoding   

  12  0:11  Probe  
  13  0:36  Probe  
  13  0:39  Pylon  
  14  0:45  Assimilator  
  14  0:48  Probe  
  15  1:00  Gateway, Probe  
  15  1:01  Gateway  
  16  1:12  Probe  
  17  1:22  Gateway  
  17  1:24  Probe  
  18  1:36  Gateway  
  18  1:37  Probe  
  19  1:48  Pylon  
  19  1:49  Zealot  
  19  1:51  Probe  
  22  2:06  Zealot  
  24  2:12  Zealot  
  26  2:20  Cybernetics Core, Zealot  
  26  2:22  Probe  
  29  2:33  Zealot  
  31  2:52  Pylon  
  31  3:10  Zealot x4  
  39  3:15  Pylon  
  39  3:37  Zealot  
  39  3:40  Zealot, Assimilator  
  39  3:41  Zealot x2  
  47  4:12  Pylon  
  47  4:14  Pylon  
Show
View Real Time Build Order
Export as new Build Order

A.I. 1 (Elite) Zerg 

Build Orders: Pool First 

Get SALT Encoding   

  12  0:00  Drone  
  13  0:13  Overlord  
  13  0:18  Drone  
  14  0:31  Drone x2  
  14  0:34  Drone  
  17  0:49  Spawning Pool  
  16  0:50  Drone  
  17  1:11  Hatchery  
  17  1:15  Drone  
  17  1:19  Extractor  
  17  1:21  Drone  
  17  1:25  Drone  
  18  1:29  Drone  
  19  1:38  Overlord  
  19  1:48  Queen  
  19  1:52  Zergling x2  
  22  2:00  Drone  
  23  2:12  Drone  
  24  2:21  Drone  
  25  2:24  Queen  
  27  2:32  Roach Warren  
  27  2:35  Drone  
  27  2:37  Drone  
  27  2:41  Zergling x2  
  27  2:44  Zergling x2  
  30  2:49  Zergling x2  
  29  2:54  Zergling x2  
  29  2:57  Overlord  
  30  3:00  Zergling x2  
  30  3:04  Zergling x2  
  31  3:10  Zergling x2  
  31  3:15  Roach  
  26  3:51  Zergling x2  
  26  3:53  Zergling x2  
  28  3:56  Zergling x2  
  28  3:59  Zergling x2  
Tags
 
Add a new tag
Caveats
  • Supply blocks, unpowered buildings, or Contaminate may cause inaccurate times.
  • Supply counts are checked every 10 seconds.